 Dungeon Crawl Stone Soup version 0.29-a0-483-g69413ace17 (webtiles) character file.

Game seed: 7298455229355440193

354 jlumianski the Covered (level 6, -2/48 HPs)
             Began as a Demonspawn Fighter on May 26, 2022.
             Slain by an orc priest
             ... wielding a +0 hand axe
              (3 damage)
             ... on level 4 of the Dungeon.
             The game lasted 00:16:02 (4199 turns).

jlumianski the Covered (Demonspawn Fighter)         Turns: 4199, Time: 00:16:06

Health: -2/48      AC: 14    Str: 18    XL:     6   Next: 35%
Magic:  0/6        EV:  7    Int:  9    God:
Gold:   184        SH:  0    Dex: 25    Spells: 5/5 levels left

rFire   . . .      SeeInvis .   u - +4 quarterstaff (chaos)
rCold   . . .      Faith    .   (shield currently unavailable)
rNeg    . . .      Spirit   +   l - +0 chain mail
rPois   .          Reflect  .   n - +0 helmet
rElec   .          Harm     .   v - +0 cloak
rCorr   .          Rampage  .   m - +0 pair of gloves
Will    .....                   (no boots)
Stlth   ..........              x - amulet of guardian spirit
HPRegen 0.16/turn               d - +6 ring of dexterity
MPRegen 0.10/turn               y - +6 ring of dexterity

@: no status effects
A: yellow scales 1, foul stench 1, powered by death 1
a: no special abilities


You were on level 4 of the Dungeon.
You visited 1 branch of the dungeon, and saw 5 of its levels.

You collected 184 gold pieces.

Inventory:

Hand Weapons
 a - a +0 war axe
 q - a +1 hand axe of freezing
 u - a +4 quarterstaff of chaos (weapon)
Missiles
 g - 3 boomerangs (quivered)
 h - 5 javelins
 j - 133 stones
 k - a throwing net
Armour
 b - a +0 scale mail
 c - a +0 buckler
 l - a +0 chain mail (worn)
 m - a +0 pair of gloves (worn)
 n - a +0 helmet (worn)
 v - a +0 cloak (worn)
Jewellery
 d - a +6 ring of dexterity (left hand)
 x - an amulet of guardian spirit (around neck)
 y - a +6 ring of dexterity (right hand)
Wands
 s - a wand of flame (21)
 w - a wand of digging (4)
Scrolls
 e - 2 scrolls of poison
 f - 2 scrolls of teleportation
 p - a scroll of torment {unknown}
Potions
 i - a potion of mutation {unknown}
 o - a potion of brilliance
 r - a potion of lignification {unknown}
 t - a potion of heal wounds {unknown}
 z - a potion of flight {unknown}


   Skills:
 + Level 3.9 Fighting
 - Level 3.6 Axes
 * Level 1.1 Staves
 + Level 0.1 Throwing
 + Level 4.0 Armour
 + Level 0.5 Dodging
 + Level 0.1 Stealth
 + Level 3.7 Shields


You had 5 spell levels left.
You didn't know any spells.
Your spell library contained the following spells:

 Spells                   Type           Power      Damage    Failure   Level
 Scorch                   Fire           0%         2d5       100%        2
 Portal Projectile        Hex/Tloc       0%         N/A       100%        3
 Tukima's Dance           Hex            0%         N/A       100%        3
 Flame Wave               Conj/Fire      0%         2d4       100%        4
 Blade Hands              Tmut           0%         N/A       100%        5
 Iskenderun's Battlesphe  Conj           0%         2d6       100%        5
 Iron Shot                Conj/Erth      0%         9d1       100%        6
 Summon Cactus Giant      Summ           0%         N/A       100%        6
 Spellforged Servitor     Conj/Summ      0%         N/A       100%        7


Dungeon Overview and Level Annotations

Branches:
Dungeon (5/15)
 Temple: D:4-7

Altars:


Innate Abilities, Weirdness & Mutations

You are partially covered in yellow scales. (AC +2)
You may rarely emit foul miasma when damaged in melee.
You regenerate a little health from kills.


Message History

An iguana comes into view.
The iguana bites you but does no damage.
You closely miss the iguana. The iguana bites you!
You hit the iguana but do no damage. The iguana bites you!
You closely miss the iguana.
The iguana bites you but does no damage.
The iguana barely misses you.
You hit the iguana. You burn the iguana.
The iguana is lightly wounded.
The iguana bites you but does no damage.
You sock the iguana! You burn the iguana.
The iguana is severely wounded.
The iguana barely misses you.
You thump the iguana!
You kill the iguana!
You see here an iguana corpse.
An orc priest, an orc wizard, an orc and a dart slug come into view.
The orc priest shouts!
The orc shouts!
You hear a shout! x2
The orc priest calls down the wrath of Beogh upon you.
Pain shoots through your body!
An orc priest comes into view. It is wielding a +0 hand axe.
The orc priest shouts!
An orc priest comes into view. It is wielding a +0 hand axe.
The orc priest shouts!
The orc priest mumbles some strange prayers to Beogh against you.
Beogh smites you!
You sock the orc wizard! You drain the orc wizard.
You kill the orc wizard!
An endoplasm comes into view.
Your Staves skill increases to level 1!
Your Armour skill increases to level 4!
You closely miss the orc priest. The orc hits you but does no damage.
The orc priest closely misses you. The orc priest barely misses you.
You barely miss the orc priest.
The orc priest invokes the aid of Beogh against you.
Beogh smites you!
* * * LOW HITPOINT WARNING * * *
The orc hits you from afar with a +0 trident.
* * * LOW HITPOINT WARNING * * *
The orc priest hits you with a +0 hand axe.
You die...

#### ..... .....
.......w ######
#......o###
.#...
.......ooo#
.#.##
#...#+###@#
....## #...# #.#
.#...###...# #.#
....>..#...#
###.#
.#.#..##...#
#...#
...........#
#.###
..##.†###..#.#.#
..+........#.#†#
..##...##.##.#.#


You could see 3 orc priests, a dart slug and an orc.

Vanquished Creatures
  A hound (D:3)
  Crazy Yiuf (D:2)
  An iguana (D:4)
  Ijyb (D:4)
  Terence (D:2)
  An orc wizard (D:4)
  Natasha (D:3)
  Robin (D:2)
  5 adders
  3 worms
  3 dart slugs
  5 orcs
  7 ball pythons
  3 bats
  5 endoplasms
  2 giant cockroaches
  12 hobgoblins
  9 jackals
  A quokka (D:1)
  5 frilled lizards (D:1)
  14 goblins
  6 kobolds
  4 rats
92 creatures vanquished.

Notes
Turn   | Place    | Note
-------+----------+-------------------------------------------
     0 | D:1      | jlumianski the Demonspawn Fighter began the quest for the
                  | Orb.
     0 | D:1      | Reached XP level 1. HP: 18/18 MP: 1/1
    53 | D:1      | Gained mutation: You are partially covered in yellow
                  | scales. (AC +2) [demonic ancestry]
    53 | D:1      | Reached XP level 2. HP: 6/24 MP: 2/2
   571 | D:1      | Found a faded altar of an unknown god.
   796 | D:1      | Found Kaho's Assorted Antiques.
  1276 | D:1      | Gained mutation: You regenerate a little health from kills.
                  | [demonic ancestry]
  1276 | D:1      | Reached XP level 3. HP: 28/29 MP: 3/3
  1513 | D:2      | Reached skill level 3 in Armour
  1685 | D:3      | Noticed Robin
  1804 | D:2      | Found a runed translucent door.
  1805 | D:2      | Noticed Crazy Yiuf
  2054 | D:2      | Reached XP level 4. HP: 35/35 MP: 4/4
  2132 | D:2      | Noticed Terence
  2155 | D:2      | Killed Terence
  2763 | D:3      | Noticed Natasha
  2772 | D:2      | Killed Robin
  2859 | D:3      | Reached XP level 5. HP: 41/41 MP: 5/5
  3471 | D:3      | Killed Natasha
  3578 | D:2      | Killed Crazy Yiuf
  3973 | D:4      | Noticed Ijyb
  3980 | D:4      | Killed Ijyb
  3981 | D:4      | Gained mutation: You may rarely emit foul miasma when
                  | damaged in melee. [demonic ancestry]
  3981 | D:4      | Reached XP level 6. HP: 48/48 MP: 6/6
  4081 | D:5      | Entered Level 5 of the Dungeon
  4198 | D:4      | Reached skill level 1 in Staves
  4198 | D:4      | Reached skill level 4 in Armour
  4199 | D:4      | HP: 1/48 [orc/+0 trident (2)]
  4199 | D:4      | Slain by an orc priest

Illustrated notes

Levels and vault maps discovered:
D:1:      scummos_arrival_checkerplants, layout_basic, serial_shops,
          nicolae_diamond_shop, ebering_ecumenical_altar_sacrificial
D:2:      layout_loops_cross, uniq_terence, uniq_crazy_yiuf_cottage
D:3:      layout_loops_ring, fountainhead, uniq_robin, uniq_natasha
D:4:      layout_basic, uniq_edmund, uniq_ijyb
D:5:      layout_layer_cave, uniq_duvessa, uniq_menkaure

Skill      XL: |  1  2  3  4  5  6 |
---------------+-------------------+-----
Shields        | 3 |  3.7
Axes           | 2 3 |  3.6
Armour         | 3 4 |  4.0
Staves         | 1 |  1.1
Fighting       | |  3.9
Throwing       | |  0.1
Dodging        | |  0.5
Stealth        | |  0.1

Action                   |  1- 3 |  4- 6 || total
-------------------------+-------+-------++-------
Melee: War axe           |   125 |    34 ||   159
       Hand axe          |       |    70 ||    70
       Quarterstaff      |       |    37 ||    37
Throw: Boomerang         |     1 |     9 ||    10
  Use: Scroll            |     1 |     3 ||     4
       Potion            |       |     2 ||     2
Armor: Scale mail        |    34 |       ||    34
       Chain mail        |    59 |    87 ||   146
Dodge: Dodged            |    50 |    40 ||    90
Block: Buckler           |    28 |    31 ||    59

Table legend: (Time is in decaauts)
 A = Elapsed time spent in this place.
 B = Non-inter-level travel time spent in this place.
 C = Inter-level travel time spent in this place.
 D = Time resting spent in this place.
 E = Time spent auto-exploring this place.
 F = Levels seen in this place.
 G = Mean time per level.
                   A        B        C        D        E       F      G
               +--------+--------+--------+--------+--------+-----+--------+
         Total |   4309 |   4188 |    121 |    542 |   2341 |   5 |  861.8 |
       Dungeon |   4309 |   4188 |    121 |    542 |   2341 |   5 |  861.8 |
               +--------+--------+--------+--------+--------+-----+--------+

Top non-repeatable levels by time:
     D:1: 1502 daAuts
     D:2: 1462 daAuts
     D:3: 970 daAuts
     D:4: 337 daAuts
     D:5: 36 daAuts
